 Dungeon Crawl Stone Soup version 0.29-a0-664-gff9cad4a3d (webtiles) character file.

Game seed: 8080029760002026429

199908 oldmanjim the Severer (level 17, -2/160 HPs)
             Began as a Minotaur Berserker on June 18, 2022.
             Was the Champion of Trog.
             Hit by a silver javelin thrown by a merfolk javelineer (12 damage)
             ... on level 3 of the Shoals on June 22, 2022.
             The game lasted 03:56:20 (41482 turns).

oldmanjim the Severer (Minotaur Berserker)         Turns: 41482, Time: 03:56:20

Health: -2/160     AC: 24    Str: 32    XL:     17   Next: 86%
Magic:  16/16      EV: 15    Int:  6    God:    Trog [******]
Gold:   2303       SH: 26    Dex: 12    Spells: 16/16 levels left

rFire   + . .      SeeInvis +   a - +7 broad axe (flame)
rCold   . . .      Faith    .   o - +2 tower shield {rPois}
rNeg    + . .      Spirit   .   V - +2 chain mail {rF+}
rPois   +          Reflect  +   Z - +2 hat {SInv}
rElec   .          Harm     .   N - +0 cloak of Ililoc {Will+}
rCorr   .          Rampage  .   P - +2 pair of gloves
Will    ++++.                   O - +0 pair of boots {Fly}
Stlth   ..........              w - amulet of reflection
HPRegen 1.36/turn               y - ring "Kidwaschi" {rPois rN+ EV+4 Slay+3}
MPRegen 0.15/turn               T - +6 ring of strength

@: strong-willed, flying, regenerating, studying 2 skills
A: horns 2, retaliatory headbutt
}: 1/15 runes: serpentine
a: Renounce Religion, Berserk, Trog's Hand, Brothers in Arms


You were on level 3 of the Shoals.
You worshipped Trog.
Trog was exalted by your worship.
You visited 6 branches of the dungeon, and saw 31 of its levels.
You visited 1 bazaar.
You also visited: Sewer, Ossuary, Gauntlet, Ice Cave and Volcano.

You collected 2901 gold pieces.
You spent 598 gold pieces at shops.

Inventory:

Hand Weapons
 a - a +7 broad axe of flaming (weapon)
 b - a +1 hand crossbow of freezing
Missiles
 h - a throwing net
 m - 5 boomerangs (quivered)
 v - 10 curare-tipped darts
 H - 3 silver boomerangs
 U - 10 javelins
 Y - 11 atropa-tipped darts
Armour
 e - a +2 kite shield of resistance
 o - a +2 tower shield of poison resistance (worn)
 N - the +0 cloak of Ililoc (worn) {Will+}
   (You bought it in a shop in a bazaar)

   Will:      It increases your willpower.
 O - a +0 pair of boots of flying (worn)
 P - a +2 pair of gloves (worn)
 V - a +2 chain mail of fire resistance (worn)
 Z - a +2 hat of see invisible (worn)
Jewellery
 j - a ring of resist corrosion
 w - an amulet of reflection (around neck)
 y - the ring "Kidwaschi" (left hand) {rPois rN+ EV+4 Slay+3}
   (You found it in a Gauntlet)

   [ring of evasion]

   EV:        It affects your evasion (+4).
   Slay:      It affects your accuracy & damage with ranged weapons and melee
   (+3).
   rPois:     It protects you from poison.
   rN:        It protects you from negative energy.
 J - the ring "Yviplusu" {rF+ MP+9}
   (You found it on level 13 of the Dungeon)

   [ring of magical power]

   rF:        It protects you from fire.
   MP:        It affects your magic capacity (+9).
 T - a +6 ring of strength (right hand)
 X - a ring of ice
Wands
 c - a wand of iceblast (11)
 d - a wand of digging (8)
 k - a wand of quicksilver (7)
 A - a wand of flame (50)
 C - a wand of mindburst (33)
Scrolls
 i - 3 scrolls of fear
 l - 8 scrolls of identify
 q - 8 scrolls of silence
 r - 2 scrolls of summoning
 s - 9 scrolls of teleportation
 x - 3 scrolls of blinking
 z - 6 scrolls of immolation
 K - 3 scrolls of poison
 M - 4 scrolls of fog
 S - 5 scrolls of magic mapping
 W - 7 scrolls of enchant armour
Potions
 f - 17 potions of curing
 g - 6 potions of mutation
 n - 4 potions of magic
 p - 4 potions of berserk rage
 u - 2 potions of resistance
 B - 12 potions of heal wounds
 D - 2 potions of lignification
 E - 2 potions of invisibility
 F - 9 potions of haste
 G - 3 potions of might
 L - 3 potions of cancellation
 R - a potion of ambrosia
Miscellaneous
 t - a phantom mirror


   Skills:
 + Level 16.7 Fighting
 - Level 20.0 Axes
 + Level 13.0 Throwing
 * Level 15.9 Armour
 + Level 10.0 Dodging
 - Level 17.0 Shields
 + Level 10.0 Evocations


You had 16 spell levels left.
You didn't know any spells.
Your spell library contained the following spells:

 Spells                   Type           Power      Damage    Failure   Level
 Apportation              Tloc           0%         N/A       99%         1
 Beastly Appendage        Tmut           0%         N/A       99%         1
 Freeze                   Ice            0%         1d3       99%         1
 Magic Dart               Conj           0%         1d3       99%         1
 Necrotize                Necr           0%         1d4       99%         1
 Shock                    Conj/Air       0%         1d3       99%         1
 Summon Small Mammal      Summ           0%         N/A       99%         1
 Call Imp                 Summ           0%         N/A       100%        2
 Ensorcelled Hibernation  Hex/Ice        0%         N/A       100%        2
 Poisonous Vapours        Pois/Air       0%         N/A       100%        2
 Wereblood                Tmut           0%         N/A       100%        2
 Confusing Touch          Hex            0%         N/A       100%        3
 Frozen Ramparts          Ice            0%         1d2       100%        3
 Mephitic Cloud           Conj/Pois/Air  0%         N/A       100%        3
 Spider Form              Tmut/Pois      0%         N/A       100%        3
 Stone Arrow              Conj/Erth      0%         3d7       100%        3
 Swiftness                Air            0%         N/A       100%        3
 Airstrike                Air            0%         N/A       100%        4
 Anguish                  Hex/Necr       0%         N/A       100%        4
 Animate Armour           Summ/Erth      0%         N/A       100%        4
 Corpse Rot               Necr/Pois/Air  0%         N/A       100%        4
 Hailstorm                Conj/Ice       0%         3d3       100%        4
 Ice Form                 Ice/Tmut       0%         N/A       100%        4
 Blade Hands              Tmut           0%         N/A       100%        5
 Fireball                 Conj/Fire      0%         3d3       100%        5
 Yara's Violent Unravell  Hex/Tmut       0%         3d3       100%        5
 Conjure Ball Lightning   Conj/Air       0%         3x3d6     100%        6
 Iron Shot                Conj/Erth      0%         9d1       100%        6
 Simulacrum               Ice/Necr       0%         N/A       100%        6
 Starburst                Conj/Fire      0%         6d3       100%        6
 Enfeeble                 Hex            0%         N/A       100%        7
 Discord                  Hex            0%         N/A       100%        8
 Disjunction              Tloc           0%         N/A       100%        8
 Ignition                 Fire           0%         3d3       100%        8
 Lehudib's Crystal Spear  Conj/Erth      0%         10d2      100%        8


Dungeon Overview and Level Annotations

Branches:
Dungeon (15/15)            Temple (1/1) D:4            Lair (6/6) D:11
 Shoals (3/4) Lair:2        Snake (4/4) Lair:2        Slime (0/5) Lair:5
    Orc (2/2) D:9             Elf (0/3) Orc:2        Vaults (0/5) D:13
 Depths (0/4) D:15          Sewer (visited)         Ossuary (visited)
  IceCv (visited)         Volcano (visited)         Gauntlet (visited)

Altars:
Ashenzari
Cheibriados
Dithmenos
Elyvilon
Fedhas
Gozag
Hepliaklqana
Kikubaaqudgha
Makhleb
Nemelex Xobeh
Okawaru
Qazlal
Ru
Sif Muna
Trog
Uskayaw
Vehumet
Wu Jian
Xom
Yredelemnul
Zin
The Shining One

Shops:
D:5 *   D:6 ([(*   D:7 *   D:13 =   Orc:2 ?[::   Snake:1 !


Innate Abilities, Weirdness & Mutations

You have a pair of horns on your head.
You reflexively headbutt those who attack you in melee.


Message History

The merfolk javelineer is severely wounded.
You closely miss the merfolk javelineer.
You block the merfolk's attack.
The merfolk javelineer throws a silver javelin.
The silver javelin barely misses you.
The merfolk javelineer throws a javelin.
The javelin pierces through you!
Your skin crawls.
You feel strong-willed.
A dream sheep comes into view.
You block the merfolk's attack.
The merfolk javelineer hits you but does no damage.
The merfolk javelineer throws a javelin.
The javelin pierces through you but does no damage.
The javelin pierces through the sea snake!!
The merfolk javelineer attacks as you move away!
The merfolk javelineer hits you but does no damage.
The merfolk hits you with a +0 trident.
The merfolk javelineer hits you from afar with a +1 vampiric spear!
* * * LOW HITPOINT WARNING * * *
The merfolk javelineer throws a javelin.
The javelin pierces through you!!
* * * LOW HITPOINT WARNING * * *
The javelin pierces through the merfolk!!
The merfolk javelineer attacks as you move away!
You block the merfolk javelineer's attack.
You block the merfolk's attack.
The merfolk javelineer throws a javelin.
The javelin pierces through you!
* * * LOW HITPOINT WARNING * * *
As you read the scroll of fear, it crumbles to dust.
You assume a fearsome visage.
The merfolk javelineer resists with some effort.
The merfolk javelineer looks frightened!
The sea snake looks frightened!
The dream sheep looks frightened!
A frightened dream sheep leaps away.
The sea snake looks frightened!
The merfolk looks frightened! x2
The merfolk javelineer throws a silver javelin.
The silver javelin pierces through you!
You die...

≈≈≈.... ≈≈≈≈≈>.## ≈≈
≈≈≈≈≈...# .≈≈ ≈≈≈.....#
..≈≈≈ ≈≈......####...≈≈
≈≈....÷......$≈≈≈
≈≈.$..........≈≈≈
≈≈....))<.....≈≈≈
≈.....≈@m.S.S≈≈≈≈
≈..#....≈≈≈....≈≈
≈≈.....mm÷......≈
≈.......÷...≈....
.≈....Y÷.÷..≈....
≈...........≈....
≈.........÷≈.....
...#.....≈......≈≈.≈≈...(.
....[.....................


You could see 2 merfolk javelineers, 2 sea snakes, a merfolk (fleeing) and a
dream sheep (fleeing).

Vanquished Creatures
  Vashnia (Snake:4)
  Agnes (Snake:4)
  Gastronok (Lair:2)
  A kraken (Shoals:1)
  Kirke (Lair:4)
  A nagaraja (Snake:4)
  Louise (Snake:4)
  3 reapers (IceCv)
  Nessos (D:13)
  Snorg (D:11)
  3 fire dragons
  3 caustic shrike simulacra (IceCv)
  6 boulder beetles
  An ogre mage (D:12)
  10 hydras
  A rakshasa (D:13)
  3 salamander tyrants (Snake:4)
  11 anacondas
  A merfolk avatar (Shoals:2)
  A catoblepas (D:13)
  3 centaur warriors
  2 tengu warriors
  14 naga warriors
  5 two-headed ogres
  A merfolk aquamancer (Shoals:1)
  13 naga sharpshooters
  8 shock serpents
  A deep troll earth mage (D:14)
  An orc high priest (Orc:2)
  3 skeletal warriors (D:11)
  Nergalle (D:12)
  A hell knight (Volcano)
  Sonja (Lair:4)
  4 salamander mystics
  5 sea snakes (Shoals:1)
  A bog body (IceCv)
  A naga ritualist (Snake:1)
  6 orc knights
  6 mana vipers
  2 obsidian statues (IceCv)
  6 harpies (Shoals:1)
  20 ugly things
  A deep elf pyromancer (D:14)
  4 orc sorcerers
  10 fauns
  15 salamanders
  13 manticores
  A moth of wrath (shapeshifter) (D:14)
  6 cyclopes
  19 elephants
  Joseph (D:7)
  10 naga magi
  8 guardian serpents
  2 merfolk sirens
  3 water nymphs (Shoals:1)
  A gargoyle (D:12)
  30 black mambas
  2 torpor snails (Lair:2)
  10 cane toads
  4 rime drakes
  A minotaur zombie (Gauntlet)
  An unseen horror (D:11)
  11 komodo dragons
  2 kobold demonologists
  3 entropy weaver simulacra (IceCv)
  5 freezing wraiths (IceCv)
  2 golden dragon simulacra (IceCv)
  2 tengu conjurers (D:14)
  2 efreet (D:13)
  4 yaktaurs
  16 merfolk
  3 meliai (D:14)
  6 wind drakes
  4 trolls
  5 polar bears
  7 hornets
  8 blink frogs
  5 snapping turtles
  3 raiju (Gauntlet)
  11 slime creatures
  5 dream sheep (Lair:6)
  A centaur simulacrum (D:15)
  13 spriggans (Lair:6)
  7 water elementals
  4 wyverns
  3 wraiths
  48 yaks
  A vampire (D:14)
  8 basilisks
  5 hogs (Lair:4)
  2 steam dragons
  8 vampire mosquitoes
  33 nagas
  A harpy simulacrum (IceCv)
  An acid dragon (D:10)
  5 wargs
  A hydra simulacrum (IceCv)
  21 water moccasins
  6 ettin simulacra (IceCv)
  A hornet zombie (Ossuary)
  3 ice beasts
  46 orc warriors
  A sky beast (D:8)
  7 black bears
  26 wolves
  8 ogres
  9 boggarts
  19 centaurs
  6 kobold brigands
  Blork the orc (D:5)
  13 bullfrogs
  2 necrophages
  3 gnoll sergeants
  A scorpion (D:6)
  2 wyvern zombies (Ossuary)
  3 water moccasin zombies (Ossuary)
  15 wights
  8 killer bees
  7 howler monkeys
  3 electric eels
  A vampire bat (Lair:5)
  4 bullfrog zombies (Ossuary)
  2 centaur zombies (Ossuary)
  2 jellies
  2 hounds (D:4)
  29 orc priests
  2 gnoll shamans
  An iguana (D:5)
  2 lightning spires (Gauntlet)
  17 orc wizards
  7 hell rats (Lair:2)
  3 killer bee zombies (Ossuary)
  13 mummies
  24 gnolls
  A howler monkey zombie (Ossuary)
  7 adders
  A shadow imp (D:6)
  3 white imps
  An ufetubus (D:6)
  A worm (D:2)
  2 dart slugs
  88 orcs
  6 ball pythons
  6 endoplasms
  7 giant cockroaches
  4 hobgoblins
  3 jackals (D:3)
  29 kobolds
  6 quokkas
  11 bats
  4 frilled lizards
  10 goblins
  A kobold zombie (D:8)
  An orc zombie (D:8)
  8 rats
  3 tentacles (Shoals:1)
1067 creatures vanquished.

Vanquished Creatures (collateral kills)
  A minotaur (Gauntlet)
1 creature vanquished.

Vanquished Creatures (others)
  A manticore (Shoals:3)
  A kobold (D:10)
  47 fungi
  74 plants
  6 tentacles (Shoals:1)
  8 withered plants (Ossuary)
137 creatures vanquished.

Grand Total: 1205 creatures vanquished

Notes
Turn   | Place    | Note
-------+----------+-------------------------------------------
     0 | D:1      | oldmanjim the Minotaur Berserker began the quest for the
                  | Orb.
     0 | D:1      | Reached XP level 1. HP: 19/19 MP: 0/0
   458 | D:1      | Reached skill level 4 in Axes
   459 | D:1      | Reached XP level 2. HP: 18/27 MP: 1/1
  1164 | D:2      | Reached skill level 5 in Axes
  1164 | D:2      | Reached XP level 3. HP: 33/33 MP: 2/2
  1306 | D:2      | Found a faded altar of an unknown god.
  1379 | D:2      | Reached ** piety under Trog
  1521 | D:2      | Reached XP level 4. HP: 40/40 MP: 3/3
  1910 | D:3      | Reached skill level 6 in Axes
  2382 | D:3      | Reached skill level 7 in Axes
  2382 | D:3      | Reached XP level 5. HP: 39/46 MP: 4/4
  2686 | D:3      | Upgraded the game from 0.29-a0-620-g13ace881f2 to
                  | 0.29-a0-648-g6b26cc9f40
  3408 | D:4      | Reached *** piety under Trog
  3422 | D:4      | Noticed an ogre
  3507 | D:4      | Reached XP level 6. HP: 52/52 MP: 5/5
  3552 | D:4      | Found a staircase to the Ecumenical Temple.
  3572 | D:4      | Reached skill level 8 in Axes
  3725 | Temple   | Entered the Ecumenical Temple
  3957 | D:5      | Entered Level 5 of the Dungeon
  3969 | D:5      | Noticed an ice beast
  3981 | D:5      | Killed an ice beast
  4057 | D:5      | Found a glowing drain.
  4061 | Sewer    | Entered a sewer
  4221 | Sewer    | Reached XP level 7. HP: 60/60 MP: 6/6
  4240 | Sewer    | Reached skill level 5 in Fighting
  4906 | D:5      | Noticed a troll
  4910 | D:5      | Killed a troll
  4911 | D:5      | Reached skill level 9 in Axes
  4911 | D:5      | Reached skill level 5 in Armour
  5083 | D:5      | Noticed Blork the orc
  5095 | D:5      | Killed Blork the orc
  5096 | D:5      | Reached XP level 8. HP: 70/70 MP: 7/7
  5237 | D:5      | Reached skill level 10 in Axes
  5514 | D:5      | Found Raevu's Assorted Antiques.
  5687 | D:6      | Reached skill level 1 in Evocations
  5876 | D:6      | Found Zorph's Assorted Antiques.
  5882 | D:6      | Bought an orange potion for 18 gold pieces
  5882 | D:6      | Bought a scroll of identify for 42 gold pieces
  6070 | D:6      | Found Unional's Weapon Boutique.
  6374 | D:6      | Found Jacevve's Antique Weapon Boutique.
  6881 | D:6      | Found Hippip's Antique Armour Boutique.
  7021 | D:7      | Noticed Joseph
  7272 | D:7      | Killed Joseph
  7273 | D:7      | Reached skill level 11 in Axes
  7548 | D:7      | Reached skill level 12 in Axes
  7548 | D:7      | Reached XP level 9. HP: 58/75 MP: 8/8
  8134 | D:7      | Found Nik Jedylu's General Store.
  8137 | D:7      | Bought a +2 tower shield of poison resistance for 240 gold
                  | pieces
  8547 | D:8      | Found a sand-covered staircase.
  8553 | D:8      | Reached **** piety under Trog
  8557 | Ossuary  | Entered an ossuary
  8597 | Ossuary  | Reached skill level 1 in Shields
  9531 | D:8      | Reached skill level 13 in Axes
  9531 | D:8      | Reached XP level 10. HP: 74/88 MP: 9/9
  9684 | D:8      | Reached ***** piety under Trog
 10310 | D:9      | Reached skill level 5 in Shields
 10926 | D:9      | Found a staircase to the Orcish Mines.
 11175 | D:9      | Reached skill level 14 in Axes
 11592 | D:9      | Received a gift from Trog
 11808 | D:10     | Entered Level 10 of the Dungeon
 11831 | D:10     | Reached XP level 11. HP: 93/94 MP: 10/10
 12289 | D:10     | Found a broken altar of Ashenzari.
 12356 | D:10     | Reached skill level 15 in Axes
 12563 | D:10     | You fall into a shaft and drop 3 floors!
 12573 | D:13     | Found Nukhliakk's Jewellery Shop.
 12573 | D:13     | Noticed a rakshasa
 12574 | D:13     | Noticed a tengu warrior
 12589 | D:13     | Noticed a catoblepas
 12595 | D:13     | Killed a tengu warrior
 12596 | D:13     | Reached skill level 10 in Shields
 12596 | D:13     | Noticed a boulder beetle
 12602 | D:13     | Killed a catoblepas
 12643 | D:13     | Killed a boulder beetle
 13453 | D:13     | Killed a rakshasa
 13456 | D:13     | Noticed a centaur warrior
 13459 | D:13     | Killed a centaur warrior
 13667 | D:11     | Noticed a skeletal warrior
 13667 | D:11     | Noticed a skeletal warrior
 13670 | D:11     | Reached XP level 12. HP: 101/101 MP: 11/11
 13721 | D:11     | Found a staircase to the Lair.
 13785 | D:11     | Found a gate leading to a gauntlet.
 13793 | Gauntlet | Entered a Gauntlet
 13793 | Gauntlet | Found a transporter.
 13795 | Gauntlet | Noticed a death scarab
 13940 | Gauntlet | Noticed a death scarab
 13974 | Gauntlet | Found a transporter.
 13991 | Gauntlet | Found a transporter.
 13994 | Gauntlet | Found a transporter.
 13996 | Gauntlet | Noticed a hell beast
 14014 | Gauntlet | Found a transporter.
 14024 | Gauntlet | Found a transporter.
 14026 | Gauntlet | Found the +12 pair of quick blades "Gyre" and "Gimble"
                  | {protect}
 14038 | Gauntlet | Noticed a reaper
 14040 | Gauntlet | Found a transporter.
 14064 | Gauntlet | Found a transporter.
 14064 | Gauntlet | Found a transporter.
 14072 | Gauntlet | Found a transporter.
 14097 | Gauntlet | Found a transporter.
 14097 | Gauntlet | Found a transporter.
 14164 | Gauntlet | Upgraded the game from 0.29-a0-648-g6b26cc9f40 to
                  | 0.29-a0-653-gd47aff6735
 14236 | Gauntlet | Identified the ring "Kidwaschi" {rPois rN+ EV+4 Slay+3}
 14385 | Gauntlet | Identified the +1 hat of Qennegu {Harm Rampage rElec rPois}
 14473 | Gauntlet | Noticed a minotaur
 14479 | Gauntlet | Killed a minotaur
 14480 | Gauntlet | Reached skill level 16 in Axes
 14671 | D:11     | Found a stormy altar of Qazlal.
 14709 | D:11     | Identified the +1 robe "Imuke" {Harm Regen+}
 14837 | D:11     | Reached skill level 15 in Shields
 15079 | D:11     | Noticed a two-headed ogre
 15083 | D:11     | Killed a two-headed ogre
 15097 | D:11     | Noticed Snorg
 15110 | D:11     | Killed Snorg
 15111 | D:11     | Reached skill level 5 in Evocations
 15491 | Lair:1   | Entered Level 1 of the Lair of Beasts
 16003 | Lair:1   | Noticed a seven-headed hydra
 16011 | Lair:1   | Killed a three-headed hydra
 16556 | Lair:1   | Upgraded the game from 0.29-a0-653-gd47aff6735 to
                  | 0.29-a0-664-gff9cad4a3d
 16613 | Lair:1   | Reached XP level 13. HP: 101/111 MP: 12/12
 16658 | Lair:1   | Reached skill level 5 in Dodging
 16771 | Lair:2   | Found a staircase to the Shoals.
 16954 | Lair:2   | Found a snail-covered altar of Cheibriados.
 16992 | Lair:2   | Found a staircase to the Snake Pit.
 17017 | Lair:2   | You fall into a shaft and drop 1 floor!
 17172 | Lair:3   | Received a gift from Trog
 17178 | Lair:3   | Reached skill level 10 in Fighting
 17178 | Lair:3   | Reached skill level 10 in Armour
 17182 | Lair:3   | Reached skill level 17 in Axes
 17307 | Lair:2   | Noticed Gastronok
 17320 | Lair:2   | Killed Gastronok
 18117 | Lair:3   | Reached skill level 18 in Axes
 18635 | Lair:4   | Noticed Sonja
 18649 | Lair:4   | Killed Sonja
 19121 | Lair:4   | Noticed Kirke
 19128 | Lair:4   | Killed Kirke
 19404 | Lair:4   | Reached XP level 14. HP: 123/124 MP: 13/13
 19482 | Lair:4   | Identified the +4 leather armour "Sulua" {rPois}
 19845 | Lair:4   | Received a gift from Trog
 19850 | Lair:4   | Identified a scroll of acquirement
 19851 | Lair:4   | Acquired a manual of Throwing
 20406 | Lair:5   | Reached skill level 19 in Axes
 20720 | Lair:5   | Found a staircase to the Slime Pits.
 20891 | Lair:6   | Entered Level 6 of the Lair of Beasts
 21592 | Lair:6   | Reached skill level 20 in Axes
 21983 | Lair:6   | Received a gift from Trog
 22045 | Lair:6   | Paralysed by a hornet for 2 turns
 23629 | Orc:1    | Entered Level 1 of the Orcish Mines
 24618 | Orc:2    | Entered Level 2 of the Orcish Mines
 24634 | Orc:2    | Found a dark tunnel.
 24647 | Volcano  | Entered a volcano
 24657 | Volcano  | Received a gift from Trog
 25399 | Orc:2    | Reached XP level 15. HP: 108/134 MP: 14/14
 25519 | Orc:2    | Found a staircase to the Elven Halls.
 25874 | Orc:2    | Found Amoberua's Book Shop.
 25874 | Orc:2    | Found Xetz's Armour Emporium.
 25876 | Orc:2    | Found Maawaruu's Magic Scroll Shoppe.
 25878 | Orc:2    | Found Adihut's Book Boutique.
 26451 | D:12     | Noticed Nergalle
 26458 | D:12     | Killed Nergalle
 26556 | D:12     | Received a gift from Trog
 26557 | D:12     | Reached ****** piety under Trog
 27270 | D:13     | Noticed Nessos
 27282 | D:13     | Killed Nessos
 27600 | D:13     | Found a gate to the Vaults.
 27852 | D:13     | Identified the ring "Yviplusu" {rF+ MP+9}
 28011 | D:14     | Found a frozen archway.
 28016 | IceCv    | Entered an ice cave
 29541 | IceCv    | Reached skill level 10 in Dodging
 29991 | D:14     | Received a gift from Trog
 30673 | D:14     | Reached skill level 1 in Throwing
 31481 | D:15     | Entered Level 15 of the Dungeon
 31828 | D:15     | Identified the +8 short sword of Hoydohori {speed, rPois
                  | rC+}
 31847 | D:15     | Reached skill level 15 in Fighting
 31964 | D:15     | Reached XP level 16. HP: 149/149 MP: 15/15
 32064 | D:15     | Found an opulent altar of Gozag.
 32174 | D:15     | Found a staircase to the Depths.
 32451 | D:15     | Reached skill level 5 in Throwing
 32772 | Snake:1  | Entered Level 1 of the Snake Pit
 32878 | Snake:1  | Received a gift from Trog
 33177 | Snake:1  | Found Vylurit's Distillery.
 33189 | Snake:1  | Bought a potion of might for 64 gold pieces
 35228 | Snake:3  | Received a gift from Trog
 35867 | Snake:4  | Entered Level 4 of the Snake Pit
 35914 | Snake:4  | Reached skill level 10 in Throwing
 36267 | Snake:4  | Noticed Agnes
 36344 | Snake:4  | Killed Agnes
 36940 | Snake:4  | Noticed Louise
 36960 | Snake:4  | Killed Louise
 36961 | Snake:4  | Reached XP level 17. HP: 156/156 MP: 16/16
 37789 | Snake:4  | Noticed Vashnia
 38124 | Snake:4  | Killed Vashnia
 38125 | Snake:4  | Reached skill level 10 in Evocations
 38471 | Snake:4  | Got a serpentine rune of Zot
 38644 | Shoals:1 | Entered Level 1 of the Shoals
 38769 | Shoals:1 | Reached skill level 15 in Armour
 39374 | Shoals:1 | Received a gift from Trog
 39453 | Shoals:1 | Noticed a kraken
 39464 | Shoals:1 | Killed a kraken
 40236 | Shoals:2 | Found a flickering gateway to a bazaar.
 40241 | Bazaar   | Entered a bazaar
 40241 | Bazaar   | Found Weareg's Antique Armour Boutique.
 40241 | Bazaar   | Found Emeogiuj's Weapon Shop.
 40241 | Bazaar   | Found Sonu's Armour Shop.
 40262 | Bazaar   | Bought the +0 cloak of Ililoc {Will+} for 119 gold pieces
 40272 | Bazaar   | Bought a +2 pair of gloves for 115 gold pieces
 41482 | Shoals:3 | Hit by a silver javelin thrown by a merfolk javelineer

Illustrated notes

Levels and vault maps discovered:
D:1:      evilmike_arrival_home_sweet_home, layout_basic, st_stairs_14
D:2:      layout_loops_corners, shapermc_ecumenical_altar_totnotflames,
          wad_floor_pattern_untrapped
D:3:      layout_loops_ring
D:4:      layout_basic, minmay_temple_entry_glass, kennysheep_generic_room_9
D:5:      layout_loops_corners, serial_shops, nicolae_shop_behind_doors,
          gup_sewer_entry_bowl, uniq_blork_the_orc
D:6:      layout_basic, serial_shops, shop, nicolae_shop_crystal,
          kennysheep_little_box, shop
D:7:      layout_loops_ring, serial_shops, nicolae_shop_behind_doors,
          uniq_joseph
D:8:      layout_basic, enter_bailey_8, nicolae_ossuary_entry_giza
D:9:      layout_loops_ring, david_orc_1_choice, minmay_puff
D:10:     layout_irregular_city, nicolae_ashenzari_panopticon, kennysheep_donut,
          nicolae_two_hexagons, kennysheep_generic_room_15
D:11:     layout_rooms, erik_lair_orcish_takeover, gauntlet_entry_generic,
          nicolae_qazlal_scattered_showers, uniq_snorg
D:12:     layout_roguey, uniq_nergalle
D:13:     minmay_weird_star, layout_small_grid, serial_shops, shop,
          nrook_guardian_serpent_double, uniq_nessos
D:14:     kennysheep_scales, layout_stronghold,
          portal_ice_cave_entry_pillars_three, kennysheep_pointless_box
D:15:     grunt_enter_depths_hoard, layout_loops_ring, grunt_gozag_statues
Temple:   mainiacjoe_temple_archimedes_tessellation
Lair:1:   layout_regular_city, grunt_megastairs_2
Lair:2:   layout_chaotic_city, minmay_shoals_entry_centaurs,
          guppyfry_snake_entry_garden, kennysheep_snail_temple, uniq_gastronok
Lair:3:   layout_gridlike, grunt_megastairs_4
Lair:4:   layout_layer_cave, grunt_megastairs_1, uniq_sonja, uniq_kirke
Lair:5:   layout_roguey, dpeg_slime_entry_corner, minivault_19,
          serial_bayou_pond_b, roderic_batcave
Lair:6:   minmay_lair_end_enchanted_forest, layout_small_grid,
          infiniplex_staircase_pool, grunt_megastairs_5
Shoals:1: layout_shoals, nicolae_shoals_square_sea_wall
Shoals:2: layout_shoals, serial_shops, bzr_entry_road
Shoals:3: layout_shoals, nicolae_shoals_hunting_party
Snake:1:  layout_misc_corridors, grunt_megastairs_3, minmay_shop_star
Snake:2:  layout_onion
Snake:3:  layout_basic, nicolae_coiled_stairwell_down
Snake:4:  grunt_snake_rune_serpentine_throne, layout_rooms, grunt_ministairs_11,
          uniq_louise, uniq_agnes, uniq_vashnia
Orc:1:    layout_caves
Orc:2:    st_orc_rangers, layout_diamond_mine, lightli_volcano_entry_magma_tube,
          library_closet

Skill      XL: |  1  2  3  4  5  6  7  8  9 10 11 12 13 14 15 16 17 |
---------------+----------------------------------------------------+-----
Fighting       | 4 6 8 9 11 12 15 16 | 16.7
Axes           | 4 5 7 8 9 12 13 14 15 16 18 20 | 20.0
Armour         | 3 4 5 7 8 9 10 11 12 14 15 | 15.9
Evocations     | 3 5 9 10 | 10.0
Dodging        | 3 4 6 8 10 | 10.0
Shields        | 3 8 13 15 17 | 17.0
Throwing       | 3 10 13 | 13.0

Action                   |  1- 3 |  4- 6 |  7- 9 | 10-12 | 13-15 | 16-18 || total
-------------------------+-------+-------+-------+-------+-------+-------++-------
Melee: Hand axe          |    33 |       |       |       |       |       ||    33
       Headbutt          |     6 |    22 |    73 |   125 |   288 |   163 ||   677
       Punch             |     2 |       |     5 |       |       |       ||     7
       Whip              |    21 |   176 |   156 |       |       |       ||   353
       War axe           |       |       |   203 |   559 |   807 |     6 ||  1575
       Broad axe         |       |       |       |       |   298 |   620 ||   918
 Fire: Hand crossbow     |       |       |     3 |     3 |     5 |       ||    11
Throw: Dart              |       |       |       |     1 |     6 |       ||     7
       Stone             |       |       |       |     5 |     3 |       ||     8
       Boomerang         |       |       |       |       |    20 |   273 ||   293
       Javelin           |       |       |       |       |     2 |       ||     2
Invok: Berserk           |       |     1 |     6 |     6 |     3 |       ||    16
       Trog's Hand       |       |       |     2 |     1 |     4 |     3 ||    10
       Brothers in Arms  |       |       |       |     1 |       |       ||     1
Evoke: Wand              |       |       |       |       |    14 |     2 ||    16
  Use: Scroll            |       |     2 |    18 |     7 |     8 |     2 ||    37
       Potion            |       |       |       |       |     3 |       ||     3
 Stab: Distracted        |       |       |       |       |       |     1 ||     1
Armor: Animal skin       |    12 |       |       |       |       |       ||    12
       Chain mail        |    17 |    96 |   141 |    88 |   183 |   122 ||   647
Dodge: Dodged            |    29 |    55 |   113 |    79 |   229 |   122 ||   627
Block: Other             |       |       |    14 |     2 |       |       ||    16
       Tower shield      |       |       |       |   520 |  1135 |   733 ||  2388
       Reflection        |       |       |       |    22 |    89 |   116 ||   227

Table legend: (Time is in decaauts)
 A = Elapsed time spent in this place.
 B = Non-inter-level travel time spent in this place.
 C = Inter-level travel time spent in this place.
 D = Time resting spent in this place.
 E = Time spent auto-exploring this place.
 F = Levels seen in this place.
 G = Mean time per level.
                   A        B        C        D        E       F      G
               +--------+--------+--------+--------+--------+-----+--------+
         Total |  41479 |  39897 |   1582 |   7555 |  23927 |  37 | 1121.1 |
       Dungeon |  19038 |  18203 |    835 |   2318 |  12409 |  15 | 1269.2 |
        Temple |    213 |    197 |     16 |      0 |    180 |   1 |  213.0 |
          Lair |   7563 |   7252 |    311 |    677 |   5213 |   6 | 1260.5 |
        Shoals |   2746 |   2666 |     80 |    785 |   1407 |   3 |  915.3 |
     Snake Pit |   5806 |   5613 |    193 |   1794 |   2734 |   4 | 1451.5 |
  Orcish Mines |   2219 |   2073 |    146 |    222 |   1076 |   2 | 1109.5 |
        Bazaar |     55 |     55 |      0 |      0 |      0 |   1 |   55.0 |
         Sewer |    372 |    372 |      0 |      0 |    252 |   1 |  372.0 |
       Ossuary |    622 |    622 |      0 |    222 |    197 |   1 |  622.0 |
      Ice Cave |   1855 |   1855 |      0 |   1317 |     14 |   1 | 1855.0 |
       Volcano |    119 |    119 |      0 |     15 |      0 |   1 |  119.0 |
      Gauntlet |    865 |    865 |      0 |    204 |    444 |   1 |  865.0 |
               +--------+--------+--------+--------+--------+-----+--------+

Top non-repeatable levels by time:
  Lair:6: 2024 daAuts
 Snake:4: 2001 daAuts
     D:9: 1891 daAuts
   IceCv: 1855 daAuts
    D:14: 1747 daAuts
     D:6: 1742 daAuts
    D:13: 1723 daAuts
 Snake:3: 1655 daAuts
  Lair:4: 1624 daAuts
   Orc:2: 1574 daAuts
Shoals:1: 1551 daAuts
     D:8: 1413 daAuts
     D:5: 1356 daAuts
    D:10: 1334 daAuts
  Lair:1: 1230 daAuts
